 Dungeon Crawl Stone Soup version 0.29-a0-690-g32ab5fea29 (webtiles) character file.

Game seed: 1550643515351000229

514 KristoblXynda the Skirmisher (level 7, -1/62 HPs)
             Began as a White Draconian Monk on June 25, 2022.
             Slain by a gnoll
             ... wielding a +0 flail
             ... led by a gnoll shaman
              (8 damage)
             ... on level 3 of the Dungeon.
             The game lasted 00:03:45 (3352 turns).

KristoblXynda the Skirmisher (White Draconian Monk) Turns: 3352, Time: 00:03:46

Health: -1/62      AC:  6    Str: 15    XL:     7   Next: 0%
Magic:  7/7        EV: 13    Int: 17    God:
Gold:   169        SH:  0    Dex: 13    Spells: 3/6 levels left

rFire   . . .      SeeInvis .   i - +3 short sword (freeze)
rCold   + . .      Faith    .   (no shield)
rNeg    . . .      Spirit   .   (body armour unavailable)
rPois   .          Reflect  .   (helmet restricted)
rElec   .          Harm     .   (no cloak)
rCorr   .          Rampage  .   (no gloves)
Will    +....                   (no boots)
Stlth   ++........              (no amulet)
HPRegen 0.20/turn               p - +6 ring of intelligence
MPRegen 0.10/turn               q - ring of willpower

@: short of breath
A: breathe frost, AC +6, unfitting armour, cold resistance 1, cold-blooded
a: Breathe Frost


You were on level 3 of the Dungeon.
You visited 1 branch of the dungeon, and saw 3 of its levels.

You collected 169 gold pieces.

Inventory:

Hand Weapons
 i - a +3 short sword of freezing (weapon)
Jewellery
 b - a ring of ice
 p - a +6 ring of intelligence (left hand)
 q - a ring of willpower (right hand)
Scrolls
 a - a scroll of immolation {unknown}
 c - a scroll of noise {unknown}
 d - a scroll of teleportation
 g - a scroll of enchant armour {unknown}
 h - a scroll of blinking {unknown}
 j - a scroll of fear {unknown}
 l - a scroll of silence {unknown}
 m - a scroll of fog {unknown}
 n - 2 scrolls of vulnerability {unknown}
 o - a scroll of enchant weapon {unknown}
Potions
 e - a potion of might {unknown}
 f - 2 potions of curing {unknown}
 k - a potion of haste {unknown}


   Skills:
 + Level 5.6 Fighting
 + Level 4.6 Dodging
 - Level 1.7 Stealth
 + Level 5.1 Unarmed Combat
 + Level 0.7 Summonings


You had 3 spell levels left.
You knew the following spells:

 Your Spells              Type           Power      Damage    Failure   Level
a - Summon Guardian Gole  Hex/Summ       1%         N/A       52%         3

Your spell library contained the following spells:

 Spells                   Type           Power      Damage    Failure   Level
 Summon Small Mammal      Summ           8%         N/A       17%         1
 Call Canine Familiar     Summ           2%         N/A       45%         3


Dungeon Overview and Level Annotations

Branches:
Dungeon (3/15)

Altars:
Ru
Wu Jian


Innate Abilities, Weirdness & Mutations

You can breathe waves of freezing cold which knock back foes.
Your icy white scales are hard. (AC +6)
You cannot fit into any form of body armour.
Your flesh is cold resistant. (rC+)
You are cold-blooded and may be slowed by cold attacks.


Message History

The gnoll hits you with a +0 flail.
You hit the gnoll. You freeze the gnoll.
The gnoll is lightly wounded.
The gnoll hits you but does no damage.
You closely miss the gnoll.
The gnoll is lightly wounded.
The gnoll barely misses you.
You hit the gnoll. You freeze the gnoll. You punch the gnoll.
The gnoll is almost dead.
The gnoll hits you with a +0 flail.
You puncture the gnoll! You freeze the gnoll.
You kill the gnoll!
You have reached level 7!
Your scales start taking on an icy white colour.
You learn Fire Magic much slower.
You learn Ice Magic much quicker.
You can breathe waves of freezing cold which knock back foes.
You feel resistant to cold.
Unknown command.
Aiming: Breathe Frost (5% risk of failure)
Press: ? - help, Shift-Dir - straight line, f - gnoll
Aim: a gnoll, wielding a +0 flail (72% to hit)
You exhale a wave of freezing cold.
The freezing breath misses the gnoll.
The freezing breath hits the gnoll!
The gnoll is almost dead.
The gnoll is blown backwards by the freezing wind.
The gnoll collides with the gnoll!
The gnoll is lightly wounded.
The gnoll is almost dead.
The freezing breath hits the gnoll!
The gnoll is almost dead.
The gnoll is blown backwards by the freezing wind.
The gnoll slams into the metal wall!
The gnoll hits you with a +0 flail.
* * * LOW HITPOINT WARNING * * *
You hit the gnoll. You freeze the gnoll.
The gnoll is heavily wounded.
The gnoll completely misses you.
The gnoll hits you from afar with a +0 halberd!
* * * LOW HITPOINT WARNING * * *
The gnoll attacks as you move away! The gnoll hits you with a +0 flail!
You die...

#.# .... # #.# .
... #.### #.#
.###.. #.... ###
..#.. ##### #.#g# #
#.#.# #######
#.#g#########(.....
#.#g##...........).
#.@.##.######......
##'###.# #######
#.....# #######


You could see 3 gnolls.

Vanquished Creatures
  Sigmund (D:3)
  A howler monkey (D:3)
  An orc priest (D:3)
  A gnoll shaman (D:3)
  An iguana (D:3)
  An orc wizard (D:3)
  Natasha (thrice) (D:3)
  A gnoll (D:3)
  2 adders (D:3)
  2 worms
  4 dart slugs
  12 orcs (D:3)
  5 ball pythons
  5 endoplasms
  3 giant cockroaches
  6 goblins
  7 hobgoblins
  4 jackals
  A quokka (D:1)
  7 bats
  4 frilled lizards
  5 kobolds
  11 rats
88 creatures vanquished.

Notes
Turn   | Place    | Note
-------+----------+-------------------------------------------
     0 | D:1      | KristoblXynda the Draconian Monk began the quest for the
                  | Orb.
     0 | D:1      | Reached XP level 1. HP: 19/19 MP: 1/1
   225 | D:1      | Reached XP level 2. HP: 23/26 MP: 2/2
   262 | D:1      | Found a faded altar of an unknown god.
   701 | D:1      | Reached XP level 3. HP: 33/33 MP: 3/3
  1229 | D:2      | Found an ornate altar of the Wu Jian Council.
  1582 | D:3      | Reached XP level 4. HP: 36/40 MP: 4/4
  1820 | D:3      | Reached XP level 5. HP: 31/47 MP: 5/5
  1940 | D:3      | Noticed Sigmund
  2242 | D:3      | Found a sacrificial altar of Ru.
  2654 | D:3      | Killed Sigmund
  2655 | D:3      | Reached skill level 5 in Fighting
  2655 | D:3      | Reached XP level 6. HP: 33/56 MP: 6/6
  2793 | D:3      | Noticed Natasha
  2807 | D:3      | Killed Natasha
  2808 | D:3      | Reached skill level 5 in Unarmed Combat
  3028 | D:3      | Learned a level 3 spell: Summon Guardian Golem
  3167 | D:3      | Noticed Natasha
  3173 | D:3      | Killed Natasha
  3207 | D:3      | Noticed Natasha
  3215 | D:3      | Killed Natasha
  3349 | D:3      | Your scales start taking on an icy white colour.
  3349 | D:3      | Reached XP level 7. HP: 23/62 MP: 7/7
  3349 | D:3      | Gained mutation: Your flesh is cold resistant. (rC+) [White
                  | Draconian growth]
  3352 | D:3      | Slain by a gnoll

Illustrated notes

Levels and vault maps discovered:
D:1:      dpeg_arrival_ratfight, layout_basic,
          ebering_ecumenical_altar_sacrificial
D:2:      layout_rooms, basic_altar, minmay_misc_feat_diagonals
D:3:      layout_loops_ring, nicolae_tso_swordbearing_angel,
          hangedman_ru_absence, uniq_sigmund, uniq_natasha

Skill      XL: |  1  2  3  4  5  6 |
---------------+-------------------+-----
Dodging        | 3 4 |  4.6
Fighting       | 4 5 |  5.6
Unarmed Combat | 4 5 |  5.1
Stealth        | |  1.7
Summonings     | |  0.7

Action                   |  1- 3 |  4- 6 |  7- 9 || total
-------------------------+-------+-------+-------++-------
Melee: Unarmed           |   112 |       |       ||   112
       Tailslap          |    19 |    19 |       ||    38
       Punch             |     6 |     5 |       ||    11
       Short sword       |    24 |   150 |     1 ||   175
 Abil: Breathe Frost     |       |       |     1 ||     1
  Use: Scroll            |       |     1 |       ||     1
       Potion            |       |     1 |       ||     1
 Stab: Sleeping          |     5 |     2 |       ||     7
Armor: Skin              |    37 |    31 |       ||    68
Dodge: Dodged            |    83 |    88 |     1 ||   172

Table legend: (Time is in decaauts)
 A = Elapsed time spent in this place.
 B = Non-inter-level travel time spent in this place.
 C = Inter-level travel time spent in this place.
 D = Time resting spent in this place.
 E = Time spent auto-exploring this place.
 F = Levels seen in this place.
 G = Mean time per level.
                   A        B        C        D        E       F      G
               +--------+--------+--------+--------+--------+-----+--------+
         Total |   3380 |   3329 |     51 |    774 |   1864 |   3 | 1126.7 |
       Dungeon |   3380 |   3329 |     51 |    774 |   1864 |   3 | 1126.7 |
               +--------+--------+--------+--------+--------+-----+--------+

Top non-repeatable levels by time:
     D:3: 1818 daAuts
     D:1: 1018 daAuts
     D:2: 543 daAuts
